 Dungeon Crawl Stone Soup version 0.20.0-15-g7f486f2 (webtiles) character file.

119 renl the Chopper (level 5, 0/47 HPs)
             Began as a Hill Orc Monk on June 24, 2017.
             Slain by an orc wizard
             ... wielding a +0 dagger
              (2 damage)
             ... on level 3 of the Dungeon.
             The game lasted 00:06:04 (1444 turns).

renl the Chopper (Hill Orc Monk)                    Turns: 1444, Time: 00:06:05

Health: 0/47       AC:  6    Str: 15    XL:     5   Next: 3%
Magic:  0/5        EV: 10    Int: 10    God:
Gold:   134        SH:  0    Dex: 13    Spells: 4/4 levels left

rFire    . . .     SeeInvis .   a - +0 hand axe
rCold    . . .     Gourm    .   (no shield)
rNeg     . . .     Faith    .   j - +0 scale mail
rPois    .         Spirit   +   (no helmet)
rElec    .         Reflect  .   p - scarf {Spirit}
rCorr    .         Harm     .   (no gloves)
MR       .....                  (no boots)
Stlth    ..........             (no amulet)
Regen    0.2/turn               (no ring)
MPRegen  0.1/turn               (no ring)

@: no status effects
A: no striking features
a: Convert to Beogh


You were on level 3 of the Dungeon.
You were not hungry.

You visited 1 branch of the dungeon, and saw 3 of its levels.

You collected 134 gold pieces.

Inventory:

Hand Weapons
 a - a +0 hand axe (weapon)
Armour
 j - a +0 scale mail (worn)
 p - a scarf of spirit shield (worn)
Scrolls
 b - a scroll of enchant armour {unknown}
 d - 6 scrolls of identify {unknown}
 e - 2 scrolls of teleportation {unknown}
 f - 3 scrolls of remove curse {unknown}
 o - a scroll of immolation {unknown}
Potions
 h - a potion of degeneration {unknown}
 k - a potion of cancellation {unknown}
 l - 2 potions of heal wounds {unknown}
Comestibles
 c - a bread ration
 g - 2 meat rations
 n - 6 fruits


   Skills:
 * Level 4.7 Fighting
 * Level 6.3 Axes
 + Level 0.7 Armour
 - Level 2.4 Dodging
 - Level 1.5 Stealth


You had 4 spell levels left.
You didn't know any spells.

Dungeon Overview and Level Annotations

Branches:
Dungeon (3/15)

Altars:
Xom


Message History

* * * LOW HITPOINT WARNING * * *
You miss something. You hit the orc but do no damage. You hit the orc.
You kill the orc!
You closely miss the orc priest.
The orc priest shouts, "Beogh is our master!
Accept the truth or die!"
The orc priest barely misses you.
You hear some strange, mumbled words.
A puff of flame appears from out of thin air!
The puff of flame hits you!
* * * LOW HITPOINT WARNING * * *
The orc hits you but does no damage.
You hit the orc priest but do no damage.
The orc priest is moderately wounded.
Your scale mail prevents you from hitting the orc.
You closely miss something.
You feel less confused. The orc priest hits you.
* * * LOW HITPOINT WARNING * * *
Something hits you.
You die...

.######
.......?########.
........#........
........#........
........#o.......
........@{)......
........)o..(....
.......$..)......
.........###.....
.........# #.####
.........###.# ..
.#.........#.# ...
#####.#.....#####...
...###.##.......$.


You could see an orc priest and an orc.

Vanquished Creatures
  4 gnolls (D:2)
  An adder (D:2)
  An ooze (D:2)
  3 worms
  3 dart slugs
  5 orcs (D:3)
  4 bats
  3 giant cockroaches
  4 goblins
  2 hobgoblins
  2 jackals (D:2)
  2 ball pythons (D:2)
  A frilled lizard (D:3)
  7 kobolds
  7 rats
49 creatures vanquished.

Notes
Turn   | Place    | Note
-------+----------+-------------------------------------------
     0 | D:1      | renl the Hill Orc Monk began the quest for the Orb.
     0 | D:1      | Reached XP level 1. HP: 19/19 MP: 1/1
    84 | D:1      | Reached XP level 2. HP: 9/27 MP: 2/2
   689 | D:2      | Reached XP level 3. HP: 23/33 MP: 3/3
   707 | D:2      | Reached skill level 5 in Axes
   925 | D:2      | Found a shimmering altar of Xom.
  1140 | D:2      | Reached XP level 4. HP: 30/41 MP: 4/4
  1160 | D:2      | Reached skill level 6 in Axes
  1434 | D:3      | Reached XP level 5. HP: 30/47 MP: 2/5
  1444 | D:3      | HP: 2/47 [orc priest (2)]
  1444 | D:3      | Slain by an orc wizard

Skill      XL: |  1  2  3  4 |
---------------+-------------+-----
Fighting       | 4 |  4.7
Axes           | 5 6 |  6.3
Armour         | |  0.7
Dodging        | |  2.4
Stealth        | |  1.5

Action                   |  1- 3 |  4- 6 || total
-------------------------+-------+-------++-------
Melee: Hand axe          |   130 |    63 ||   193
 Stab: Sleeping          |     1 |       ||     1
  Eat: Chunk             |     1 |     1 ||     2
Armor: Robe              |    14 |       ||    14
       Scale mail        |    34 |    26 ||    60
Dodge: Dodged            |    84 |    37 ||   121
